 Dungeon Crawl Stone Soup version 0.30-a0-43-gbbf338a72c (webtiles) character file.

Game seed: 7026701010433288317

87933 Newt the Nimble (level 15, -1/110 HPs)
             Began as a Demonspawn Gladiator on Aug 31, 2022.
             Was an Initiate of Gozag.
             Slain by a +1 vorpal glaive (2 damage)
             ... on level 1 of the Elven Halls.
             The game lasted 00:45:53 (21146 turns).

Newt the Nimble (Demonspawn Gladiator)             Turns: 21146, Time: 00:45:53

Health: -1/110     AC: 26    Str: 25      XL:     15   Next: 45%
Magic:  0/22       EV: 14    Int:  9 (10) God:    Gozag
Gold:   1350       SH:  0    Dex: 16      Spells: 24/24 levels left

rFire   + + .      SeeInvis +    i - +7 great mace "Firestarter" {inner flame, rF++}
rCold   + . .      Faith    .    (shield currently unavailable)
rNeg    . . .      Spirit   +    m - +4 plate armour "Dem Isur" {rC+ Str+4}
rPois   .          Reflect  .    (helmet restricted)
rElec   .          Harm     .    l - +1 cloak
rCorr   +          Rampage  .    d - +0 pair of fencer's gloves {Riposte Dex+3}
Will    ++++.                    (no boots)
Stlth   ..........               p - amulet "Nykubb" {Spirit SInv}
HPRegen 0.28/turn                u - ring "Nijae" {Fly Will+}
MPRegen 0.18/turn                e - ring of willpower

@: flying, studying Stealth
A: antennae 2, yellow scales 3, foul stench 1, spiny 1, clumsy 1, strong-willed
1
a: Renounce Religion, Potion Petition, Call Merchant, Bribe Branch


You were on level 1 of the Elven Halls.
You worshipped Gozag.
Gozag was most pleased with you.
You visited 6 branches of the dungeon, and saw 23 of its levels.
You also visited: Sewer and Gauntlet.

You collected 8948 gold pieces.
You spent 4946 gold pieces at shops.
You paid 2652 gold pieces to Gozag.

Inventory:

Hand Weapons
 a - the +6 shillelagh "Devastator" {shatter}
   (You found it on level 5 of the Dungeon)

   It releases a powerful concussive burst when it strikes, dealing extra damage
   to the target and all other foes adjacent to them.
 b - the +6 sling "Punaczua" {freeze, Int+4}
   (You found it on level 3 of the Dungeon)

   Any ammunition fired from it freezes those it strikes, dealing additional
   cold damage.
   It can also slow down cold-blooded creatures.
   Int:       It affects your intelligence (+4).
 i - the +7 great mace "Firestarter" (weapon) {inner flame, rF++}
   (You bought it in a shop on level 2 of the Orcish Mines)

   It burns those it strikes, dealing additional fire damage.
   It fills those it strikes with an explosive inner flame.
   It grants immunity to clouds of flame.
   rF:        It greatly protects you from fire.
 A - the +9 flail of Intimidation {antimagic, *Noise rF+ Int+4 Dex+3}
   (You took it off a minotaur in a Gauntlet)

   It reduces the magical energy of the wielder, and disrupts the spells and
   magical abilities of those it strikes.
   Natural abilities and divine invocations are not affected.
   Int:       It affects your intelligence (+4).
   Dex:       It affects your dexterity (+3).
   rF:        It protects you from fire.
   *Noise:    It may make noises in combat.
 W - a -2 demon whip of flaming
Missiles
 h - 3 silver javelins (quivered)
Armour
 d - the +0 pair of fencer's gloves (worn) {Riposte Dex+3}
   (You acquired it on level 4 of the Lair of Beasts)

   It allows the wearer to riposte with melee weapons, swiftly retaliating
   against missed or blocked melee attacks.
   Dex:       It affects your dexterity (+3).
 l - a +1 cloak (worn)
 m - the +4 plate armour "Dem Isur" (worn) {rC+ Str+4}
   (You bought it in a shop on level 10 of the Dungeon)

   Str:       It affects your strength (+4).
   rC:        It protects you from cold.
 C - the +3 kite shield of Keckac {rF+ Regen+ Int+4}
   (You took it off a minotaur in a Gauntlet)

   Int:       It affects your intelligence (+4).
   rF:        It protects you from fire.
   Regen:     It increases your rate of health regeneration.
 D - +0 shadow dragon scales
 P - +1 fire dragon scales
 R - the +18 Lear's hauberk
   (You found it on level 7 of the Dungeon)
 X - a +1 chain mail of willpower
Jewellery
 e - a ring of willpower (right hand)
 p - the amulet "Nykubb" (around neck) {Spirit SInv}
   (You bought it in a shop on level 10 of the Dungeon)

   [amulet of guardian spirit]

   It causes incoming damage to be divided between your reserves of health and
   magic.
   SInv:      It lets you see invisible.
 t - a +6 ring of dexterity
 u - the ring "Nijae" (left hand) {Fly Will+}
   (You acquired it on level 2 of the Orcish Mines)

   [ring of flight]

   Fly:       It grants you flight.
   Will:      It increases your willpower.
 J - a ring of willpower
Wands
 c - a wand of light (8)
 s - a wand of charming (15)
 y - a wand of iceblast (18)
 F - a wand of flame (31)
 G - a wand of polymorph (7)
 I - a wand of mindburst (34)
Scrolls
 n - 5 scrolls of identify
 o - 2 scrolls of poison
 r - a scroll of fog
 z - 2 scrolls of amnesia
 H - 3 scrolls of enchant armour
 L - a scroll of silence
 M - 4 scrolls of fear
 N - 2 scrolls of brand weapon
 S - 4 scrolls of teleportation
 T - 4 scrolls of enchant weapon
 Z - 4 scrolls of magic mapping
Potions
 f - 15 potions of curing
 g - a potion of might
 j - 2 potions of resistance
 k - 3 potions of invisibility
 v - 5 potions of heal wounds
 w - 2 potions of lignification
 x - 7 potions of flight
 B - a potion of cancellation
 U - 5 potions of haste
 V - 4 potions of ambrosia
Miscellaneous
 q - a box of beasts
 K - a phial of floods
 O - a phantom mirror


   Skills:
 - Level 8.0 Fighting
 - Level 4.0 Short Blades
 - Level 14.0 Maces & Flails
 - Level 6.0 Ranged Weapons
 - Level 1.7 Throwing
 - Level 10.0 Armour
 + Level 14.4 Dodging
 - Level 2.0 Stealth
 - Level 6.0 Shields
 - Level 5.0 Spellcasting
 - Level 10.0 Evocations


You had 24 spell levels left.
You didn't know any spells.
Your spell library contained the following spells:

 Spells                   Type           Power      Damage    Failure   Level
 Apportation              Tloc           4%         N/A       94%         1
 Freeze                   Ice            8%         1d3       94%         1
 Necrotise                Necr           8%         1d4       94%         1
 Summon Small Mammal      Summ           8%         N/A       94%         1
 Static Discharge         Conj/Air       4%         3-4/arc   98%         2
 Call Canine Familiar     Summ           2%         N/A       100%        3
 Confusing Touch          Hex            2%         N/A       100%        3
 Frozen Ramparts          Ice            4%         1d1       100%        3
 Gell's Gravitas          Tloc           2%         N/A       100%        3
 Lesser Beckoning         Tloc           2%         N/A       100%        3
 Portal Projectile        Hex/Tloc       4%         N/A       100%        3
 Teleport Other           Tloc           2%         N/A       100%        3
 Tukima's Dance           Hex            2%         N/A       100%        3
 Flame Wave               Conj/Fire      2%         2d4       100%        4
 Hailstorm                Conj/Ice       2%         3d3       100%        4
 Ice Form                 Ice/Tmut       2%         N/A       100%        4
 Iskenderun's Mystic Bla  Conj/Tloc      2%         2d3       100%        4
 Leda's Liquefaction      Hex/Erth       1%         N/A       100%        4
 Olgreb's Toxic Radiance  Pois           2%         N/A       100%        4
 Passage of Golubria      Tloc           2%         N/A       100%        4
 Sticky Flame             Conj/Fire      2%         2d3       100%        4
 Iskenderun's Battlesphe  Conj           2%         2d6       100%        5
 Lightning Bolt           Conj/Air       1%         1d12      100%        5
 Yara's Violent Unravell  Hex/Tmut       1%         3d3       100%        5
 Dispersal                Tloc           1%         N/A       100%        6
 Iron Shot                Conj/Erth      1%         9d1       100%        6
 Enfeeble                 Hex            1%         N/A       100%        7
 Ozocubu's Refrigeration  Ice            1%         4d7       100%        7
 Spellforged Servitor     Conj/Summ      1%         N/A       100%        7
 Ignition                 Fire           1%         3d3       100%        8
 Maxwell's Capacitive Co  Air            1%         ∞         100%        8
 Simulacrum               Ice/Necr       Unusable   N/A       N/A         6

Dungeon Overview and Level Annotations

Branches:
Dungeon (13/15)            Temple (1/1) D:5            Lair (5/5) D:10
 Shoals (0/4) Lair:3        Snake (1/4) Lair:2        Slime (0/5) Lair:4
    Orc (2/2) D:9             Elf (1/3) Orc:2         Sewer (visited)
Gauntlet (visited)
 Vaults: D:13-14

Altars:
Ashenzari
Cheibriados
Dithmenos
Fedhas
Gozag
Hepliaklqana
Kikubaaqudgha
Makhleb
Nemelex Xobeh
Okawaru
Qazlal
Ru
Sif Muna
Trog
Uskayaw
Vehumet
Wu Jian
Xom
Yredelemnul

Shops:
D:9 ([   D:10 =[!*   Orc:2 !(*(   Lair:5 !

Annotations:
D:3 1 runed translucent door


Innate Abilities, Weirdness & Mutations

You have a pair of antennae on your head.
You are completely covered in yellow scales. (AC +4, rCorr)
You may rarely emit foul miasma when damaged in melee.
You are partially covered in sharp spines.
You are clumsy. (Dex -2)
You are strong-willed. (Will+)


Message History

The +4 scimitar of holy wrath is engulfed in blazing flames.
The deep elf archer is engulfed in blazing flames.
The deep elf high priest is distracted by your dazzling golden aura.
The orc high priest is engulfed in blazing flames.
The +1 vorpal glaive is engulfed in blazing flames.
The orange demon is engulfed in blazing flames.
You sock the +4 scimitar of holy wrath! You burn the +4 scimitar of holy wrath.
The +4 scimitar of holy wrath is filled with an inner flame.
The +4 scimitar of holy wrath is severely damaged.
The deep elf pyromancer is no longer distracted by gold.
The +4 scimitar of holy wrath is struck by your spines.
The +4 scimitar of holy wrath explodes!
The fiery explosion engulfs the +1 vorpal glaive.
The +1 vorpal glaive resists.
The +1 vorpal glaive is lightly damaged.
The fiery explosion engulfs the earth elemental.
The earth elemental completely resists.
The fiery explosion engulfs you! You resist.
The +1 vorpal glaive is engulfed in blazing flames.
The +1 vorpal glaive closely misses you.
The deep elf pyromancer is distracted by your dazzling golden aura.
The deep elf archer is engulfed in blazing flames.
The orc high priest is engulfed in blazing flames.
The orange demon is distracted by your dazzling golden aura.
The orange demon screeches!
The deep elf pyromancer shouts!
The +1 vorpal glaive is engulfed in blazing flames.
The deep elf archer is engulfed in blazing flames.
The orc high priest is engulfed in blazing flames.
The orc high priest prays to Beogh.
Unknown command.
The orc is no longer distracted by gold.
The red devil is distracted by your dazzling golden aura.
The +1 vorpal glaive is engulfed in blazing flames.
The +1 vorpal glaive hits you from afar!!
* * * LOW HITPOINT WARNING * * *
x2
There is an open door here.
The +1 vorpal glaive hits you from afar!!
* * * LOW HITPOINT WARNING * * *
You die...
Your body crumbles into a pile of gold.

############ ...o4.Ee§..#
+#'e#o{###.## ..e.E{{8#...##
####### ### ..°Ee{{8#....##
##.....## ###..
.#○4#{{##.....#####..>....###..(.
ee.○e3{8#.....(.@'.........#....#
.eE$.238#.....####.............##
.#○.#.2##....## #....P........# e
#...#+ #...........### $ ##+##
#..........## ###.>.....#..##
#/###.....#+....
##.####+####....## ##....#


You could see a +1 vorpal glaive.

Vanquished Creatures
  An orc warlord (Orc:1)
  An eleionoma (shapeshifter) (Gauntlet)
  A dire elephant (Lair:5)
  A minotaur (Gauntlet)
  The ghost of Newt the Slicer, a journeyman DsGl of Dithmenos (Lair:2)
  Snorg (Orc:2)
  A fire dragon (Lair:5)
  4 boulder beetles
  Erica (Orc:1)
  4 ogre magi (Orc:2)
  7 hydras
  3 catoblepae
  2 centaur warriors (D:13)
  2 dancing weapons (Elf:1)
  17 two-headed ogres
  Urug (Lair:5)
  A deep elf knight (Elf:1)
  Amaemon (D:9)
  5 skeletal warriors
  A deep troll (D:13)
  A swamp dragon (Lair:5)
  A deep troll (shapeshifter) (Gauntlet)
  A deep elf archer (Elf:1)
  2 lindwurms (Lair:5)
  A deep elf zephyrmancer (Elf:1)
  Pikel (D:5)
  6 deep elf pyromancers
  4 manticores
  An ugly thing (D:12)
  4 cyclopes
  9 elephants
  A merfolk siren (Lair:3)
  5 black mambas
  A gargoyle (D:12)
  A guardian serpent (Lair:2)
  9 cane toads
  An orange demon (D:9)
  A komodo dragon (shapeshifter) (Gauntlet)
  5 rime drakes
  A queen bee (Lair:2)
  4 komodo dragons
  2 trolls
  A meliai (Lair:2)
  4 polar bears
  2 hornets
  20 blink frogs
  The ghost of Jeffwins the Shooter, an amateur HuHu (D:3)
  3 slime creatures (D:13)
  4 dream sheep (Lair:3)
  Prince Ribbit (D:8)
  A vampire (D:10)
  Sigmund (D:4)
  An air elemental (Elf:1)
  A culicivora (shapeshifter) (D:13)
  6 shadows
  2 wraiths
  9 wyverns
  61 yaks
  5 basilisks
  2 humans (D:10)
  5 steam dragons
  4 vampire mosquitoes (D:10)
  Edmund (D:4)
  A warg (Orc:1)
  3 acid dragons
  18 water moccasins
  2 swamp drakes (Lair:5)
  3 black bears
  17 orc warriors
  3 ice beasts
  29 ogres
  6 centaurs
  12 wolves
  5 kobold brigands
  Blork the orc (D:4)
  12 bullfrogs
  2 gnoll sergeants
  3 scorpions
  6 wights
  A necrophage (D:5)
  12 killer bees
  3 jellies
  3 hounds
  10 orc priests
  2 gnoll boudas
  11 iguanas
  Ijyb (D:3)
  Terence (D:2)
  Natasha (D:3)
  7 hell rats (Lair:5)
  14 orc wizards
  Robin (D:2)
  15 gnolls
  14 adders
  6 river rats
  A shadow imp (D:5)
  A white imp (D:6)
  An ufetubus (D:5)
  6 worms
  A dart slug (D:1)
  72 orcs
  17 ball pythons
  6 endoplasms
  4 giant cockroaches
  9 goblins
  19 hobgoblins
  29 kobolds
  6 quokkas
  5 bats
  2 frilled lizards
  29 rats
686 creatures vanquished.

Vanquished Creatures (others)
  An iguana (Lair:5)
  18 fungi
  51 plants
  A withered plant (D:3)
71 creatures vanquished.

Grand Total: 757 creatures vanquished

Notes
Turn   | Place    | Note
-------+----------+-------------------------------------------
     0 | D:1      | Newt the Demonspawn Gladiator began the quest for the Orb.
     0 | D:1      | Reached XP level 1. HP: 16/16 MP: 1/1
   131 | D:1      | Reached skill level 1 in Stealth
   154 | D:1      | Gained mutation: You have a pair of small antennae on your
                  | head. [demonic ancestry]
   154 | D:1      | Reached XP level 2. HP: 13/22 MP: 2/2
  1032 | D:2      | Gained mutation: You are partially covered in yellow
                  | scales. (AC +2) [demonic ancestry]
  1032 | D:2      | Reached XP level 3. HP: 28/28 MP: 3/3
  1039 | D:2      | Noticed Terence
  1048 | D:2      | Killed Terence
  1055 | D:2      | Reached XP level 4. HP: 31/37 MP: 4/4
  1127 | D:2      | Noticed Robin
  1135 | D:2      | Killed Robin
  2026 | D:3      | Gained mutation: You are mostly covered in yellow scales.
                  | (AC +3) [demonic ancestry]
  2026 | D:3      | Reached XP level 5. HP: 42/42 MP: 5/5
  2152 | D:3      | Found an ancient bone altar of Kikubaaqudgha.
  2289 | D:3      | Noticed Ijyb
  2308 | D:3      | Killed Ijyb
  2460 | D:3      | Identified the +6 sling "Punaczua" {freeze, Int+4}
  2500 | D:3      | Found a runed translucent door.
  2506 | D:3      | Noticed Jeffwins's ghost (amateur HuHu)
  2595 | D:3      | Found a shimmering altar of Xom.
  2597 | D:3      | Noticed Natasha
  2602 | D:3      | Killed Natasha
  2603 | D:3      | Reached skill level 1 in Ranged Weapons
  2629 | D:3      | Found a runed translucent door.
  2724 | D:3      | Killed Jeffwins's ghost
  2725 | D:3      | Gained mutation: You have a pair of antennae on your head.
                  | [demonic ancestry]
  2725 | D:3      | Reached XP level 6. HP: 32/48 MP: 6/6
  2771 | D:4      | Noticed Blork the orc
  2777 | D:4      | Killed Blork the orc
  2862 | D:4      | Reached XP level 7. HP: 54/54 MP: 7/7
  2918 | D:4      | Noticed Sigmund
  2922 | D:4      | Killed Sigmund
  2923 | D:4      | Reached skill level 5 in Ranged Weapons
  3014 | D:4      | Noticed Edmund
  3026 | D:4      | Killed Edmund
  3133 | D:4      | Found a shadowy altar of Dithmenos.
  3318 | D:5      | Entered Level 5 of the Dungeon
  3394 | D:5      | Reached XP level 8. HP: 60/60 MP: 8/8
  3587 | D:5      | Reached skill level 5 in Dodging
  3637 | D:5      | Found the +6 shillelagh "Devastator" {shatter}
  3662 | D:5      | Reached skill level 1 in Spellcasting
  3690 | D:5      | Noticed Pikel
  3697 | D:5      | Killed Pikel
  3829 | D:5      | Gained mutation: You are partially covered in sharp spines.
                  | [demonic ancestry]
  3829 | D:5      | Reached XP level 9. HP: 65/65 MP: 14/16
  3867 | D:5      | Reached skill level 5 in Spellcasting
  3960 | D:5      | Reached skill level 1 in Maces & Flails
  3974 | D:5      | Found a staircase to the Ecumenical Temple.
  4141 | Temple   | Entered the Ecumenical Temple
  4434 | Temple   | Became a worshipper of Gozag Ym Sagoz the Greedy
  4535 | D:6      | Found a glowing drain.
  4573 | Sewer    | Entered a sewer
  5568 | D:6      | Reached skill level 5 in Maces & Flails
  5605 | D:6      | Found a sparkling altar of Nemelex Xobeh.
  6584 | D:7      | Reached XP level 10. HP: 69/71 MP: 17/17
  6716 | D:7      | Found the +18 Lear's hauberk
  6843 | D:7      | Reached skill level 1 in Armour
  7132 | D:8      | Noticed Prince Ribbit
  7136 | D:8      | Killed Prince Ribbit
  7366 | D:8      | Reached skill level 5 in Armour
  7591 | D:9      | Noticed Amaemon
  7592 | D:9      | Noticed an orange demon
  7611 | D:9      | Killed Amaemon
  7612 | D:9      | Reached skill level 5 in Fighting
  7622 | D:9      | Killed an orange demon
  7662 | D:9      | Gained mutation: You may rarely emit foul miasma when
                  | damaged in melee. [demonic ancestry]
  7662 | D:9      | Reached XP level 11. HP: 78/83 MP: 18/18
  7936 | D:9      | Found Xink's Armour Boutique.
  7938 | D:9      | Found a staircase to the Orcish Mines.
  7940 | D:9      | Found Mefuinaa's Weapon Boutique.
  7954 | D:9      | Bought a +1 chain mail of willpower for 181 gold pieces
  8238 | D:10     | Entered Level 10 of the Dungeon
  8257 | D:10     | Found a staircase to the Lair.
  8351 | D:10     | Found an iron altar of Okawaru.
  8404 | D:10     | Found Xaivann's Distillery.
  8432 | D:10     | Bought a potion of mutation for 96 gold pieces
  8432 | D:10     | Bought 2 potions of haste for 240 gold pieces
  8432 | D:10     | Bought a potion of heal wounds for 60 gold pieces
  8593 | D:10     | Found Owov's General Store.
  8625 | D:10     | Reached skill level 10 in Maces & Flails
  8638 | D:10     | Gained mutation: You are somewhat resistant to further
                  | mutation. [potion of mutation]
  8638 | D:10     | Gained mutation: You are dopey. (Int -2) [potion of
                  | mutation]
  8639 | D:10     | Lost mutation: You are somewhat resistant to further
                  | mutation. [potion of mutation]
  8639 | D:10     | Lost mutation: You are dopey. (Int -2) [potion of mutation]
  8639 | D:10     | Gained mutation: Your spells are a little easier to cast,
                  | but a little less powerful. [potion of mutation]
  8639 | D:10     | Gained mutation: You are strong-willed. (Will+) [potion of
                  | mutation]
  8639 | D:10     | Gained mutation: You are clumsy. (Dex -2) [potion of
                  | mutation]
  8639 | D:10     | Lost mutation: Your spells are a little easier to cast, but
                  | a little less powerful. [potion of mutation]
  8816 | D:10     | Bought a scroll of identify for 30 gold pieces
  9680 | D:11     | Noticed a boulder beetle
  9683 | D:11     | Noticed a skeletal warrior
  9695 | D:11     | Killed a skeletal warrior
  9695 | D:11     | Killed a boulder beetle
  9721 | D:11     | Noticed a skeletal warrior
  9723 | D:11     | Noticed a skeletal warrior
  9724 | D:11     | Noticed a skeletal warrior
  9728 | D:11     | Noticed a skeletal warrior
  9784 | D:10     | Killed a skeletal warrior
  9786 | D:10     | Killed a skeletal warrior
  9787 | D:10     | Reached XP level 12. HP: 64/92 MP: 19/19
 10014 | D:11     | Noticed a two-headed ogre
 10018 | D:11     | Killed a two-headed ogre
 10116 | D:11     | Noticed a two-headed ogre
 10122 | D:11     | Killed a two-headed ogre
 10414 | D:12     | Identified the ring "Teume" {rF- Int+5 Dex+6 Stlth+}
 10646 | D:12     | Noticed a boulder beetle
 10675 | D:12     | Killed a boulder beetle
 11201 | D:10     | Bought the amulet "Nykubb" {Spirit SInv} for 618 gold
                  | pieces
 11402 | D:13     | Found a gate leading to a gauntlet.
 11411 | Gauntlet | Entered a Gauntlet
 11411 | Gauntlet | Found a transporter.
 11421 | Gauntlet | Noticed a radroach
 11433 | Gauntlet | Noticed a great orb of eyes
 11433 | Gauntlet | a radroach changed into a great orb of eyes
 11437 | Gauntlet | Noticed an ice dragon
 11437 | Gauntlet | a great orb of eyes changed into an ice dragon
 11438 | Gauntlet | Noticed a spark wasp
 11438 | Gauntlet | an ice dragon changed into a spark wasp
 11439 | Gauntlet | Noticed a radroach
 11439 | Gauntlet | a spark wasp changed into a radroach
 11442 | Gauntlet | Noticed a great orb of eyes
 11442 | Gauntlet | a radroach changed into a great orb of eyes
 11443 | Gauntlet | Found a transporter.
 11444 | Gauntlet | Noticed a fire dragon
 11444 | Gauntlet | a great orb of eyes changed into a fire dragon
 11446 | Gauntlet | Noticed an entropy weaver
 11446 | Gauntlet | Noticed a quicksilver ooze
 11446 | Gauntlet | a fire dragon changed into a quicksilver ooze
 11461 | Gauntlet | Found a transporter.
 11463 | Gauntlet | Found a transporter.
 11479 | Gauntlet | Found a transporter.
 11493 | Gauntlet | Found a transporter.
 11497 | Gauntlet | Found a transporter.
 11501 | Gauntlet | Found a transporter.
 11503 | Gauntlet | Found a runed translucent door.
 11531 | Gauntlet | Found a transporter.
 11531 | Gauntlet | Found a transporter.
 11531 | Gauntlet | Noticed a boulder beetle
 11540 | Gauntlet | Found a transporter.
 11541 | Gauntlet | Noticed an alligator
 11541 | Gauntlet | a boulder beetle changed into an alligator
 11542 | Gauntlet | Noticed an entropy weaver
 11542 | Gauntlet | an alligator changed into an entropy weaver
 11545 | Gauntlet | Noticed a minotaur
 11545 | Gauntlet | an entropy weaver changed into a minotaur
 11554 | Gauntlet | Found a transporter.
 11598 | Gauntlet | Noticed an eight-headed hydra
 11598 | Gauntlet | a tyrant leech changed into an eight-headed hydra
 11601 | Gauntlet | Noticed an emperor scorpion
 11601 | Gauntlet | an eight-headed hydra changed into an emperor scorpion
 11606 | Gauntlet | Noticed a bunyip
 11606 | Gauntlet | an emperor scorpion changed into a bunyip
 11607 | Gauntlet | a bunyip changed into a slime creature
 11633 | Gauntlet | Noticed a satyr
 11633 | Gauntlet | a cyclops changed into a satyr
 11636 | Gauntlet | Noticed a radroach
 11636 | Gauntlet | a satyr changed into a radroach
 11638 | Gauntlet | Noticed a jorogumo
 11638 | Gauntlet | a radroach changed into a jorogumo
 11644 | Gauntlet | Noticed an anaconda
 11644 | Gauntlet | a jorogumo changed into an anaconda
 11646 | Gauntlet | Noticed a boulder beetle
 11646 | Gauntlet | an anaconda changed into a boulder beetle
 11646 | Gauntlet | Noticed an ice dragon
 11646 | Gauntlet | a boulder beetle changed into an ice dragon
 11651 | Gauntlet | Noticed an entropy weaver
 11651 | Gauntlet | an ice dragon changed into an entropy weaver
 11659 | Gauntlet | Noticed a minotaur
 11659 | Gauntlet | an entropy weaver changed into a minotaur
 11664 | Gauntlet | a minotaur changed into an iron troll
 11668 | Gauntlet | Noticed an alligator snapping turtle
 11668 | Gauntlet | an iron troll changed into an alligator snapping turtle
 11670 | Gauntlet | Noticed a shadow dragon
 11670 | Gauntlet | an alligator snapping turtle changed into a shadow dragon
 11674 | Gauntlet | Noticed an eleionoma
 11674 | Gauntlet | a shadow dragon changed into an eleionoma
 11680 | Gauntlet | Noticed an acid blob
 11680 | Gauntlet | an eleionoma changed into an acid blob
 11684 | Gauntlet | Noticed a shadow dragon
 11684 | Gauntlet | an acid blob changed into a shadow dragon
 11691 | Gauntlet | Noticed an acid blob
 11691 | Gauntlet | a shadow dragon changed into an acid blob
 11693 | Gauntlet | Identified the -2 pair of gloves "Edef" {rPois Int+3}
 11695 | Gauntlet | Noticed an eleionoma
 11695 | Gauntlet | an acid blob changed into an eleionoma
 11701 | Gauntlet | Noticed a stone giant
 11701 | Gauntlet | an eleionoma changed into a stone giant
 11704 | Gauntlet | Noticed an eleionoma
 11704 | Gauntlet | a stone giant changed into an eleionoma
 11706 | Gauntlet | Noticed a sphinx
 11706 | Gauntlet | an eleionoma changed into a sphinx
 11709 | Gauntlet | Noticed an eleionoma
 11709 | Gauntlet | a sphinx changed into an eleionoma
 11718 | Gauntlet | Killed an eleionoma
 11959 | Gauntlet | Identified a scroll of acquirement
 11959 | Gauntlet | Acquired 769 gold pieces
 11964 | Gauntlet | Identified the +9 flail of Intimidation {antimagic, *Noise
                  | rF+ Int+4 Dex+3}
 11964 | Gauntlet | Identified the +3 kite shield of Keckac {rF+ Regen+ Int+4}
 11964 | Gauntlet | Noticed a minotaur
 11974 | Gauntlet | Killed a minotaur
 11987 | Gauntlet | Identified the +1 leather armour of Diwim {rF- Str+7}
 11988 | Gauntlet | Got Texzemeh's Parchment of Superposition and the Coals
 12461 | D:13     | Noticed a centaur warrior
 12468 | D:13     | Killed a centaur warrior
 12489 | D:13     | Noticed a two-headed ogre
 12497 | D:13     | Killed a two-headed ogre
 12498 | D:13     | Reached skill level 5 in Shields
 12629 | D:13     | Noticed a centaur warrior
 12635 | D:13     | Killed a centaur warrior
 12636 | D:13     | Reached XP level 13. HP: 28/98 MP: 5/20
 13672 | Lair:1   | Entered Level 1 of the Lair of Beasts
 14654 | Lair:2   | Noticed Newt's ghost (journeyman DsGl)
 14656 | Lair:2   | Found a transporter.
 14665 | Lair:2   | Found a staircase to the Snake Pit.
 14702 | Lair:2   | Found a transporter.
 15282 | Lair:2   | Killed Newt's ghost
 15537 | Lair:3   | Reached skill level 10 in Armour
 15537 | Lair:3   | Reached skill level 1 in Evocations
 15630 | Lair:3   | Identified the +4 flail "Hydraslayer" {venom, +Blink Dex+3}
 15841 | Lair:3   | Found a staircase to the Shoals.
 16143 | Lair:4   | Acquired 510 gold pieces
 16144 | Lair:4   | Acquired the +0 pair of fencer's gloves {Riposte Dex+3}
 16144 | Lair:4   | Found the +0 pair of fencer's gloves {Riposte Dex+3}
 16163 | Lair:4   | Found a staircase to the Slime Pits.
 16177 | Lair:4   | Reached skill level 5 in Evocations
 16414 | Lair:4   | Reached XP level 14. HP: 105/105 MP: 21/21
 17057 | Lair:5   | Entered Level 5 of the Lair of Beasts
 17272 | D:10     | Bought the +4 plate armour "Dem Isur" {rC+ Str+4} for 1046
                  | gold pieces
 17670 | Lair:5   | Noticed Urug
 17681 | Lair:5   | Killed Urug
 17815 | Lair:5   | Reached skill level 10 in Evocations
 18105 | Lair:5   | Reached skill level 10 in Dodging
 18409 | Lair:5   | Bought a potion of curing for 42 gold pieces
 18409 | Lair:5   | Bought a potion of curing for 42 gold pieces
 18409 | Lair:5   | Bought a potion of heal wounds for 70 gold pieces
 18409 | Lair:5   | Bought a potion of resistance for 140 gold pieces
 18989 | Orc:1    | Entered Level 1 of the Orcish Mines
 19135 | Orc:1    | Noticed Erica
 19145 | Orc:1    | Killed Erica
 19239 | Orc:1    | Noticed an orc warlord
 19256 | Orc:1    | Killed an orc warlord
 19751 | Orc:2    | Entered Level 2 of the Orcish Mines
 19787 | Orc:2    | Noticed Snorg
 19794 | Orc:2    | Killed Snorg
 19957 | Orc:2    | Found a staircase to the Elven Halls.
 19973 | Orc:2    | Gained mutation: You are completely covered in yellow
                  | scales. (AC +4, rCorr) [demonic ancestry]
 19973 | Orc:2    | Reached XP level 15. HP: 94/110 MP: 18/22
 20008 | Orc:2    | Found Onexadoi's Weapon Shoppe.
 20008 | Orc:2    | Found Nelybrev's Antique Weapon Shop.
 20016 | Orc:2    | Found Jotisis's General Store.
 20016 | Orc:2    | Found Duseimur's Distillery.
 20079 | Orc:2    | Bought the +7 great mace "Firestarter" {inner flame, rF++}
                  | for 1566 gold pieces
 20079 | Orc:2    | Found the +7 great mace "Firestarter" {inner flame, rF++}
 20080 | Orc:2    | Bought a potion of haste for 110 gold pieces
 20080 | Orc:2    | Bought a potion of curing for 33 gold pieces
 20080 | Orc:2    | Bought a potion of curing for 33 gold pieces
 20080 | Orc:2    | Bought a potion of heal wounds for 55 gold pieces
 20080 | Orc:2    | Bought a potion of might for 44 gold pieces
 20093 | Orc:2    | Bought a potion of haste for 180 gold pieces
 20093 | Orc:2    | Bought a potion of curing for 54 gold pieces
 20093 | Orc:2    | Bought a scroll of brand weapon for 171 gold pieces
 20093 | Orc:2    | Bought a scroll of enchant weapon for 135 gold pieces
 20094 | Orc:2    | Acquired the ring "Nijae" {Fly Will+}
 20646 | Snake:1  | Entered Level 1 of the Snake Pit
 20828 | Elf:1    | Entered Level 1 of the Elven Halls
 21124 | Elf:1    | Paralysed by an air elemental for 1 turns
 21128 | Elf:1    | Paralysed by an air elemental for 1 turns
 21146 | Elf:1    | HP: 1/110 [+1 vorpal glaive (19)]
 21146 | Elf:1    | Slain by a +1 vorpal glaive

Illustrated notes

Levels and vault maps discovered:
D:1:      wander_arrival_estate, layout_rooms, serial_forest,
          infiniplex_forest_clump_double, infiniplex_forest_lined_room_2,
          infiniplex_forest_end_2, infiniplex_forest_straight_3,
          minmay_misc_feat_rows
D:2:      layout_basic, uniq_robin, uniq_terence
D:3:      layout_loops_ring, kiku_gazebo_garden_becter,
          mainiacjoe_overflow_alcove_2, ebering_ghost_sewer_f, uniq_natasha,
          uniq_ijyb
D:4:      cheibrodos_pilgrimage, layout_gridville, mainiacjoe_overflow_alcove_1,
          uniq_edmund, uniq_blork_the_orc, uniq_sigmund
D:5:      layout_loops_cross, minmay_temple_entry_stoned_glass,
          dilly_guarded_unrand_devastator, uniq_pikel
D:6:      layout_layer_cave, lemuel_round_altar, portal_sewer_entry_b,
          minmay_manual_moon
D:7:      layout_cave_pools
D:8:      layout_basic, minmay_holes, uniq_prince_ribbit1
D:9:      layout_basic, orc_david_3, uniq_amaemon
D:10:     layout_grid_maze, okawaru_humans, lair_entry_dummy, serial_shops,
          nicolae_shop_statue_plus, nicolae_shop_advertising_works
          [nicolae_subvault_shop_adworks], nicolae_hexahallways
D:11:     layout_cave_pools
D:12:     layout_long_grid
D:13:     dreamdust_cave_troll, layout_loops_ring, gauntlet_entry_generic
Temple:   minmay_temple_bridge_d
Lair:1:   layout_regular_city, minivault_27
Lair:2:   layout_regular_city, minmay_snake_entry_spellcaster,
          gammafunk_ghost_hive
Lair:3:   layout_chaotic_city, minmay_shoals_entry_lonely_mermaid
Lair:4:   layout_gridlike, slime_entry_1, beast_lair_carwin_11,
          serial_bayou_shore_a, grunt_megastairs_4, serial_bayou_shore_b
Lair:5:   guppyfry_lair_end_dragon, layout_regular_city,
          hangedman_lair_in_review, lemuel_old_faithful, uniq_urug
Snake:1:  layout_layer_cave, basic_altar, nicolae_snake_serpentine_bazaar,
          uniq_donald
Orc:1:    layout_caves, abandoned_shop, minmay_orc_barracks, uniq_erica
Orc:2:    st_orc_ogre_mass, layout_diamond_mine, uniq_snorg
Elf:1:    eino_elf_arrival_sip, layout_geoelf_grid, serial_shops, shop,
          orc_legates, roderic_lattice_octagonal_star

Skill      XL: |  1  2  3  4  5  6  7  8  9 10 11 12 13 14 15 |
---------------+----------------------------------------------+-----
Stealth        | 1 2 |  2.0
Fighting       | 3 4 6 8 |  8.0
Short Blades   | 3 4 |  4.0
Ranged Weapons | 3 4 6 |  6.0
Dodging        | 4 6 12 14 | 14.4
Spellcasting   | 4 5 |  5.0
Maces & Flails | 7 8 11 14 | 14.0
Armour         | 6 10 | 10.0
Shields        | 5 6 |  6.0
Evocations     | 6 10 | 10.0
Throwing       | |  1.7

Action                   |  1- 3 |  4- 6 |  7- 9 | 10-12 | 13-15 || total
-------------------------+-------+-------+-------+-------+-------++-------
Melee: Rapier            |    89 |   115 |       |       |       ||   204
       Punch             |     1 |     2 |       |     8 |       ||    11
       Dagger            |       |    10 |       |       |       ||    10
       Shillelagh        |       |       |   100 |   454 |   744 ||  1298
       Great mace        |       |       |       |       |    12 ||    12
 Fire: Sling             |       |    98 |   163 |     2 |       ||   263
Throw: Dart              |       |     1 |       |     1 |       ||     2
       Throwing net      |       |       |       |     4 |       ||     4
Invok: Call Merchant     |       |       |       |     2 |     1 ||     3
Evoke: Wand              |       |       |     3 |     1 |     1 ||     5
  Use: Scroll            |     7 |     4 |     9 |     9 |     7 ||    36
       Potion            |       |       |       |     5 |     8 ||    13
 Stab: Sleeping          |     3 |       |     1 |       |       ||     4
       Distracted        |       |       |     2 |     3 |    14 ||    19
       Held in net/web   |       |       |       |     7 |       ||     7
Armor: Leather armour    |    26 |    57 |    33 |       |       ||   116
       Chain mail        |       |       |     7 |   269 |   140 ||   416
       Plate armour      |       |       |       |       |   123 ||   123
Dodge: Dodged            |    62 |   115 |    93 |   154 |   178 ||   602
Block: Kite shield       |       |       |       |    39 |   415 ||   454
       Rpst.: Shillelagh |       |       |       |       |    80 ||    80
       Great mace        |       |       |       |       |     2 ||     2

Table legend: (Time is in decaauts)
 A = Elapsed time spent in this place.
 B = Non-inter-level travel time spent in this place.
 C = Inter-level travel time spent in this place.
 D = Time resting spent in this place.
 E = Time spent auto-exploring this place.
 F = Levels seen in this place.
 G = Mean time per level.
                   A        B        C        D        E       F      G
               +--------+--------+--------+--------+--------+-----+--------+
         Total |  21033 |  18844 |   2189 |   1614 |  13349 |  25 |  841.3 |
       Dungeon |  12527 |  11220 |   1307 |   1354 |   7596 |  13 |  963.6 |
        Temple |    361 |    223 |    138 |      0 |    212 |   1 |  361.0 |
          Lair |   5203 |   4713 |    490 |     41 |   3740 |   5 | 1040.6 |
     Snake Pit |      1 |      0 |      1 |      0 |      0 |   1 |    1.0 |
  Orcish Mines |   1391 |   1141 |    250 |      0 |    923 |   2 |  695.5 |
   Elven Halls |    313 |    313 |      0 |      0 |    241 |   1 |  313.0 |
         Sewer |    656 |    656 |      0 |      0 |    526 |   1 |  656.0 |
      Gauntlet |    577 |    577 |      0 |    219 |    111 |   1 |  577.0 |
               +--------+--------+--------+--------+--------+-----+--------+

Top non-repeatable levels by time:
    D:10: 1908 daAuts
    D:13: 1633 daAuts
  Lair:5: 1558 daAuts
     D:6: 1358 daAuts
  Lair:4: 1064 daAuts
     D:1: 1034 daAuts
     D:2: 948 daAuts
     D:9: 933 daAuts
  Lair:2: 917 daAuts
  Lair:1: 864 daAuts
   Orc:2: 856 daAuts
     D:5: 851 daAuts
    D:12: 848 daAuts
     D:3: 830 daAuts
  Lair:3: 799 daAuts
